 Dungeon Crawl Stone Soup version 0.26-a0-844-g3dd439832f (webtiles) character file.

Game seed: 16877462099871276692

10622 robertstho the Grappler (level 11, -2/141 HPs)
             Began as a Troll Fighter on Nov 18, 2020.
             Was a Priest of Hepliaklqana.
             Slain by a gnoll sergeant
             ... wielding a +2 trident of electrocution
              (6 damage)
             ... while petrified by a gnoll
             ... on level 7 of the Dungeon.
             The game lasted 00:17:09 (9574 turns).

robertstho the Grappler (Troll Fighter)             Turns: 9574, Time: 00:17:10

Health: -2/141     AC: 25    Str: 28    XL:     11   Next: 38%
Magic:  13/13      EV:  1    Int:  5    God:    Hepliaklqana [***...]
Gold:   1900       SH:  0    Dex:  9    Spells: 10/10 levels left

rFire    . . .     SeeInvis +     - Unarmed
rCold    . . .     Faith    .   b - +0 kite shield
rNeg     + + +     Spirit   .   (armour currently unavailable)
rPois    ∞         Reflect  +   (helmet currently unavailable)
rElec    .         Harm     .   (cloak currently unavailable)
rCorr    .         Rampage  .   (gloves unavailable)
MR       +....     NoTele   +   (boots unavailable)
Stlth    +.........             r - amulet of reflection
HPRegen  0.73/turn              t - ring of protection from magic
MPRegen  0.13/turn              n - ring of see invisible

@: mighty, lethally poisoned (-2 -> -2), tree-form, petrified, very slightly
contaminated, invisible
A: large, unfitting armour, reduced essence, regeneration 1
a: Recall Ancestor, Ancestor Identity, Transference, Renounce Religion


You were on level 7 of the Dungeon.
You worshipped Hepliaklqana.
Hepliaklqana was most pleased with you.
You were a tree.
You visited 1 branch of the dungeon, and saw 10 of its levels.
You also visited: Bailey.

You collected 1900 gold pieces.

Inventory:

Hand Weapons
 B - a +1 trident of venom
 E - a +3 spear of venom
Missiles
 C - 2 large rocks (quivered)
Armour
 b - a +0 kite shield (worn)
 e - a +0 cloak (melded)
 G - a +1 robe of the Archmagi (melded)
Jewellery
 n - a ring of see invisible (right branch)
 r - an amulet of reflection (around neck)
 t - a ring of protection from magic (left branch)
 F - an uncursed ring of flight
Wands
 a - a wand of flame (32)
 g - a wand of acid (6)
 p - a wand of polymorph (11)
 x - a wand of digging (13)
Scrolls
 d - a scroll of magic mapping
 h - 4 scrolls of fear {unknown}
 k - 3 scrolls of blinking
 l - 3 scrolls of amnesia {unknown}
 m - 6 scrolls of remove curse {unknown}
 o - 5 scrolls of fog {unknown}
 q - 8 scrolls of teleportation {unknown}
 v - 3 scrolls of noise {unknown}
 y - 2 scrolls of immolation
 A - 2 scrolls of enchant weapon {unknown}
Potions
 c - 3 potions of might
 f - a potion of degeneration
 i - 3 potions of magic
 j - a potion of brilliance
 u - 3 potions of flight
 w - a potion of attraction
 z - a potion of lignification


   Skills:
 * Level 6.2 Fighting
 + Level 5.6 Dodging
 - Level 0.1 Stealth
 + Level 6.1 Shields
 * Level 12.6 Unarmed Combat
 * Level 5.3 Invocations
 + Level 0.3 Evocations


You had 10 spell levels left.
You didn't know any spells.
Your spell library contained the following spells:

 Spells                   Type           Power        Failure   Level
 Magic Dart               Conj           #...         67%         1
 Searing Ray              Conj           #.....       82%         2
 Dazzling Flash           Conj/Hex       #.....       96%         3
 Fulminant Prism          Conj/Hex       #.........   100%        4
 Iskenderun's Mystic Bla  Conj/Tloc      #.......     100%        4


Dungeon Overview and Level Annotations

Branches:
Dungeon (10/15)            Temple (0/1) D:6             Orc (0/2) D:9
 Bailey (visited)
   Lair: D:8-11

Altars:
Ashenzari
Dithmenos
Hepliaklqana
Okawaru
Qazlal
Sif Muna
Uskayaw
Vehumet
Wu Jian
Xom
Yredelemnul
Zin
The Shining One
Beogh

Annotations:
D:7 1 transporter


Innate Abilities, Weirdness & Mutations

You are too large for most types of armour.
((You have claws for hands.))
Your natural rate of healing is unusually fast.
((You are covered in fur. (AC +1)))
((You have extremely tough skin. (AC +3)))
Your life essence is reduced to manifest your ancestor. (-10% HP)


Message History

The gnoll sergeant hits you from afar with a +6 spear of venom.
* * * LOW HITPOINT WARNING * * *
You are more poisoned.
The gnoll sergeant hits you but does no damage.
The gnoll hits you but does no damage.
The gnoll throws a throwing net.
The throwing net closely misses the gnoll.
The throwing net hits Edwyna.
The net passes right through Edwyna!
Edwyna hits the gnoll with a +0 dagger of draining!
The gnoll dies!
The gnoll sergeant hits you from afar with a +6 spear of venom.
* * * LOW HITPOINT WARNING * * *
The gnoll sergeant hits you but does no damage.
You are very lightly contaminated with residual magic.
You have turned to stone.
The gnoll hits you but does no damage.
The gnoll sergeant hits you from afar with a +6 spear of venom.
* * * LOW HITPOINT WARNING * * *
The gnoll sergeant hits you but does no damage.
You are electrocuted!
You die...

#..≈≈#g.###.###..#≈≈.# #.#
#..≈≈#gg. .(.....#≈≈.# #.#
#..≈≈###.##'##.###≈≈.#####..
#..≈≈..#.#...#.#..≈≈........
#..≈≈.##. ...+.##.≈≈.#######
#..≈≈.#g. ...#.g#.≈≈.# #
#..≈≈.##.##g##.##.≈≈.# #
#..≈≈..#.#)()#.#.....# #
#..≈≈.©#.g.♣Rg.#©....# #
#..≈≈..#.#8)8#.#.....# #
#..≈≈.##.#####.##.≈≈.# #
#..≈≈.#g.#=:W#.g#.≈≈.# #
#..≈≈.##.#$.g#.##.≈≈.#
#..≈≈..#.#...#.#..≈≈.#
#..≈≈###.##'##.###≈≈.#
##.≈≈#.......g...#≈≈.#
#.≈≈#..###.###..#≈≈.#


You could see the friendly Edwyna the hexer, 2 gnoll sergeants and a gnoll
(fast).

Vanquished Creatures
  Snorg (D:10)
  Psyche (D:9)
  A gargoyle (D:10)
  The ghost of Zonian the Covert, a novice SpBr of Hepliaklqana (D:7)
  A hornet (D:9)
  17 yaks (D:10)
  Grum (D:6)
  A water moccasin (D:8)
  3 orc warriors (D:9)
  2 ice beasts
  A sky beast (D:6)
  2 black bears
  An eye of draining (D:9)
  5 ogres
  5 centaurs
  2 big kobolds
  8 bullfrogs
  11 gnoll sergeants
  A water moccasin skeleton (D:7)
  5 killer bees (D:8)
  3 wights (D:6)
  2 howler monkeys
  2 electric eels
  11 hounds
  7 orc priests
  6 gnoll shamans
  2 jellies
  6 orc wizards
  3 bullfrog skeletons
  2 centaur skeletons
  2 iguanas
  Ijyb (D:3)
  5 worker ants
  3 hound skeletons
  Robin (D:2)
  11 adders
  40 gnolls
  2 howler monkey skeletons
  2 shadow imps
  4 white imps
  An ufetubus (D:8)
  An adder zombie (D:8)
  An ooze (D:1)
  2 adder skeletons (D:9)
  A worm (D:4)
  5 dart slugs
  A leopard gecko (D:5)
  28 orcs
  3 giant cockroaches
  17 goblins
  6 hobgoblins
  12 jackals
  15 kobolds
  3 quokkas
  A ball python (D:1)
  12 bats
  5 frilled lizards
  A leopard gecko skeleton (D:8)
  A quokka zombie (D:9)
  A rat (D:3)
302 creatures vanquished.

Vanquished Creatures (collateral kills)
  2 gnoll sergeants
  2 scorpions
  2 hounds
  2 gnoll shamans (Bailey)
  An iguana (D:9)
  10 gnolls
  An adder (D:9)
  A leopard gecko (D:5)
  3 orcs
  A goblin (D:9)
  A kobold (D:9)
26 creatures vanquished.

Vanquished Creatures (others)
  8 ancestors
  A jackal (D:6)
  A kobold (D:8)
  18 plants
28 creatures vanquished.

Grand Total: 356 creatures vanquished

Notes
Turn   | Place    | Note
-------+----------+-------------------------------------------
     0 | D:1      | robertstho the Troll Fighter began the quest for the Orb.
     0 | D:1      | Reached XP level 1. HP: 22/22 MP: 0/0
    60 | D:1      | Reached XP level 2. HP: 29/29 MP: 1/1
   440 | D:1      | Reached XP level 3. HP: 36/36 MP: 2/2
  1185 | D:2      | Reached skill level 3 in Unarmed Combat
  1185 | D:2      | Reached XP level 4. HP: 28/45 MP: 3/3
  1478 | D:2      | Noticed Robin
  1489 | D:2      | Killed Robin
  1594 | D:3      | Found a stormy altar of Qazlal.
  1711 | D:3      | Found a shimmering altar of Xom.
  1712 | D:3      | Found a shimmering altar of Xom.
  1713 | D:3      | Found a shimmering altar of Xom.
  1717 | D:3      | Found a shimmering altar of Xom.
  1736 | D:3      | Reached XP level 5. HP: 53/53 MP: 4/4
  1741 | D:3      | Reached skill level 4 in Unarmed Combat
  2023 | D:3      | Noticed Ijyb
  2048 | D:3      | Killed Ijyb
  2096 | D:3      | Reached XP level 6. HP: 61/61 MP: 5/5
  2161 | D:3      | Found a glowing silver altar of Zin.
  3025 | D:5      | Entered Level 5 of the Dungeon
  3054 | D:5      | Reached skill level 5 in Unarmed Combat
  3255 | D:5      | Reached XP level 7. HP: 63/68 MP: 6/6
  3307 | D:5      | Found a hazy altar of Hepliaklqana.
  3448 | D:5      | Became a worshipper of Hepliaklqana the Forgotten
  3717 | D:5      | Reached skill level 6 in Unarmed Combat
  3998 | D:6      | Reached skill level 1 in Invocations
  4000 | D:6      | Noticed Grum
  4007 | D:6      | Killed Grum
  4008 | D:6      | Reached XP level 8. HP: 50/70 MP: 7/7
  4120 | D:6      | Reached skill level 7 in Unarmed Combat
  4251 | D:6      | Found a hide-covered altar of Uskayaw.
  4481 | D:6      | Found a broken altar of Ashenzari.
  4513 | D:6      | Reached skill level 8 in Unarmed Combat
  4553 | D:6      | Reached * piety under Hepliaklqana
  4673 | D:6      | Found a staircase to the Ecumenical Temple.
  4748 | D:6      | Reached XP level 9. HP: 33/76 MP: 9/9
  5421 | D:6      | Reached skill level 9 in Unarmed Combat
  5740 | D:7      | Found a transporter.
  5750 | D:7      | Found a transporter.
  5763 | D:7      | Noticed Zonian's ghost (novice SpBr)
  5775 | D:7      | Identified the +0 buckler "Yjazes" {rF+}
  5816 | D:7      | Found a basalt altar of Yredelemnul.
  5881 | D:7      | You fall into a shaft and drop 3 floors!
  5881 | D:10     | Entered Level 10 of the Dungeon
  5891 | D:10     | Reached ** piety under Hepliaklqana
  5939 | D:10     | Reached skill level 5 in Fighting
  5967 | D:10     | Reached skill level 5 in Shields
  5967 | D:10     | Reached skill level 10 in Unarmed Combat
  6291 | D:10     | Noticed Snorg
  6303 | D:10     | Killed Snorg
  6304 | D:10     | Reached XP level 10. HP: 66/86 MP: 10/12
  6435 | D:10     | Reached skill level 5 in Dodging
  6456 | D:10     | Remembered your ancestor Edwyna as a hexer
  6464 | D:10     | Reached skill level 11 in Unarmed Combat
  6734 | D:10     | Noticed a gargoyle
  6738 | D:10     | Killed a gargoyle
  6870 | D:9      | Found a staircase to the Orcish Mines.
  6930 | D:9      | Noticed Psyche
  6935 | D:9      | Killed Psyche
  6943 | D:9      | Found a roughly hewn altar of Beogh.
  6977 | D:9      | Reached skill level 12 in Unarmed Combat
  7030 | D:9      | Reached XP level 11. HP: 81/94 MP: 9/13
  7049 | D:9      | Found a flagged portal.
  7057 | Bailey   | Entered a bailey
  7272 | Bailey   | Reached skill level 5 in Invocations
  8100 | D:9      | Found an iron altar of Okawaru.
  8101 | D:9      | Found an ornate altar of the Wu Jian Council.
  8268 | D:9      | Found a shadowy altar of Dithmenos.
  8349 | D:8      | Found a radiant altar of Vehumet.
  8463 | D:8      | Found a glowing golden altar of the Shining One.
  8573 | D:8      | Reached *** piety under Hepliaklqana
  8934 | D:8      | Found a shimmering blue altar of Sif Muna.
  9564 | D:7      | Killed Zonian's ghost
  9573 | D:7      | HP: 7/141 [gnoll sergeant/+6 spear of venom (2)]
  9574 | D:7      | Slain by a gnoll sergeant

Illustrated notes

Levels and vault maps discovered:
D:1:      evilmike_arrival_crescent, layout_basic, amethyst_killhole,
          hangedman_decor_clover_reticule
D:2:      layout_loops_ring, uniq_robin
D:3:      minmay_evil_eye, layout_basic, overflow_temple_1_default,
          xom_redecorated, nicolae_qazlal_general_emergency, uniq_ijyb
D:4:      layout_gridville
D:5:      layout_gridville, kennysheep_mini_moat
D:6:      layout_cave_pools, lemuel_round_altar, eat_drink_and_be_merry_uskayaw,
          minmay_temple_entry_trees, serial_gnoll_camp, gnoll_camp_mini_house,
          grums_kennel, gnoll_camp_mini_house, gnoll_camp_huts_moat,
          gnoll_camp_mini_loothouse
D:7:      layout_loops_ring, overflow_temple_1_default,
          gammafunk_ghost_gnarly_gnolls
D:8:      layout_loops_corners, lemuel_crystal_altar, vehumet_altar_wand_db,
          led_sif_pool
D:9:      layout_loops_ring, overflow_temple_1_default, minitemple,
          minmay_orc_entry_temple_small, enter_bailey_3, uniq_psyche
D:10:     layout_long_grid, serial_bayou_lagoon_a, uniq_snorg

Skill      XL: |  1  2  3  4  5  6  7  8  9 10 11 |
---------------+----------------------------------+-----
Fighting       | 3 4 5 6 |  6.2
Unarmed Combat | 3 4 5 6 8 10 12 | 12.6
Dodging        | 3 4 5 |  5.6
Shields        | 3 4 5 6 |  6.1
Invocations    | 1 2 4 5 |  5.3
Stealth        | |  0.1
Evocations     | |  0.3

Action                   |  1- 3 |  4- 6 |  7- 9 | 10-12 || total
-------------------------+-------+-------+-------+-------++-------
Melee: Unarmed           |   122 |   206 |   285 |   364 ||   977
Throw: Large rock        |       |       |     1 |     1 ||     2
Invok: Recall Ancestor   |       |       |     2 |     1 ||     3
       Ancestor Life: He |       |       |       |     1 ||     1
 Abil: Evoke Flight      |       |       |     4 |       ||     4
Evoke: Wand              |       |       |       |     2 ||     2
  Use: Potion            |       |     1 |     3 |     6 ||    10
       Scroll            |       |       |    11 |     4 ||    15
 Stab: Distracted        |       |       |     1 |     1 ||     2
       Sleeping          |       |       |     1 |       ||     1
Armor: Robe              |    79 |    74 |    55 |    54 ||   262
       Skin              |       |       |       |    29 ||    29
Dodge: Dodged            |    40 |    69 |    84 |   122 ||   315
Block: Kite shield       |    75 |   104 |   171 |   302 ||   652
       Reflection        |       |       |    14 |    13 ||    27

Table legend: (Time is in decaauts)
 A = Elapsed time spent in this place.
 B = Non-inter-level travel time spent in this place.
 C = Inter-level travel time spent in this place.
 D = Time resting spent in this place.
 E = Time spent auto-exploring this place.
 F = Levels seen in this place.
 G = Mean time per level.
                   A        B        C        D        E       F      G
               +--------+--------+--------+--------+--------+-----+--------+
         Total |   9492 |   9130 |    362 |    184 |   6770 |  11 |  862.9 |
       Dungeon |   8920 |   8558 |    362 |    184 |   6391 |  10 |  892.0 |
        Bailey |    571 |    571 |      0 |      0 |    379 |   1 |  571.0 |
               +--------+--------+--------+--------+--------+-----+--------+

Top non-repeatable levels by time:
     D:6: 1319 daAuts
     D:5: 1160 daAuts
    D:10: 946 daAuts
     D:1: 922 daAuts
     D:9: 908 daAuts
     D:8: 875 daAuts
     D:4: 759 daAuts
     D:3: 704 daAuts
     D:7: 677 daAuts
     D:2: 647 daAuts
  Bailey: 571 daAuts
